 Dungeon Crawl Stone Soup version 0.27.0-1-g7a089689b8 (webtiles) character file.

Game seed: 2041448276549235277

7 nxtlvl the Poker (level 2, -2/22 HPs)
             Began as a Human Gladiator on Aug 4, 2021.
             Killed from afar by Ijyb (3 damage)
             ... with a puff of flame
             ... on level 3 of the Dungeon.
             The game lasted 00:01:41 (175 turns).

nxtlvl the Poker (Human Gladiator)                   Turns: 175, Time: 00:01:42

Health: -2/22      AC:  4    Str: 14    XL:     2   Next: 5%
Magic:  2/2        EV: 12    Int:  8    God:
Gold:   0          SH:  0    Dex: 14    Spells: 1/1 levels left

rFire    . . .     SeeInvis .   a - +0 trident
rCold    . . .     Faith    .   (no shield)
rNeg     . . .     Spirit   .   b - +0 leather armour
rPois    .         Reflect  .   c - +0 helmet
rElec    .         Harm     .   (no cloak)
rCorr    +         Rampage  .   (no gloves)
Will     .....                  (no boots)
Stlth    +.........             g - amulet of the acrobat
HPRegen  0.07/turn              h - ring of resist corrosion
MPRegen  0.08/turn              (no ring)

@: attractive, very slightly contaminated, invisible
A: no striking features
a: no special abilities


You were on level 3 of the Dungeon.
You visited 1 branch of the dungeon, and saw 3 of its levels.

Inventory:

Hand Weapons
 a - a +0 trident (weapon)
Missiles
 d - 3 throwing nets (quivered)
Armour
 b - a +0 leather armour (worn)
 c - a +0 helmet (worn)
Jewellery
 g - an amulet of the acrobat (around neck)
 h - a ring of resist corrosion (left hand)
Scrolls
 e - 2 scrolls of identify {unknown}


   Skills:
 - Level 2.0 Fighting
 + Level 3.5 Polearms
 - Level 2.0 Throwing
 - Level 3.0 Dodging


You had one spell level left.
You didn't know any spells.
Your spell library was empty.

Dungeon Overview and Level Annotations

Branches:
Dungeon (3/15)

Altars:

Annotations:
D:3 Ijyb


Message History

The quokka is pulled toward you!
An orc comes into view. It is wielding a +0 dagger.
The kobold is pulled toward you! The goblin is pulled toward you!
The quokka is pulled toward you! The orc is pulled toward you!
The kobold closely misses you. The quokka misses you.
The orc is pulled toward you!
The orc shouts!
You hear a shout! x2
A gnoll comes into view. It is wielding a +0 whip.
The kobold is pulled toward you! The orc is pulled toward you!
The gnoll is pulled toward you!
Ijyb the Twisted Goblin comes into view.
She is wielding a +0 club and carrying a wand of flame (27).
The kobold is pulled toward you! The quokka is pulled toward you!
The orc is pulled toward you! The gnoll is pulled toward you!
Ijyb is pulled toward you!
An adder comes into view.
The orc completely misses you. Ijyb is pulled toward you!
The quokka is pulled toward you! The gnoll is pulled toward you!
The adder is pulled toward you!
Found a leather armour.
The helpless Ijyb fails to defend herself.
You hit Ijyb.
Ijyb is lightly wounded.
The goblin barely misses you. The orc misses you. Ijyb closely misses you.
The quokka is pulled toward you! The gnoll is pulled toward you!
You barely miss Ijyb.
Ijyb is lightly wounded.
The goblin hits you but does no damage. The orc completely misses you.
Ijyb zaps a wand.
The puff of flame hits you.
* * * LOW HITPOINT WARNING * * *
The quokka is pulled toward you!
You hit Ijyb but do no damage.
Ijyb is lightly wounded.
The goblin closely misses you. The orc barely misses you.
Ijyb hits you but does no damage. The quokka is pulled toward you!
You closely miss Ijyb.
Ijyb is lightly wounded.
The goblin hits you with a +0 dagger.
* * * LOW HITPOINT WARNING * * *
The orc closely misses you.
Ijyb zaps a wand.
The puff of flame hits you.
You die...

..###..........#
...............#
#.......#.#.#
#...........#
######....<....#
.......r..#.#...#
#######..gK.##...#
#..og## >#...
####@# .#### #g#
... .S... .......
.........
...........
......[......


You could see Ijyb, a gnoll, an adder (wandering), an orc, a quokka, a goblin
and a kobold.

Vanquished Creatures
  A bat (D:1)
  A quokka (D:1)
  3 kobolds
  2 rats
7 creatures vanquished.

Notes
Turn   | Place    | Note
-------+----------+-------------------------------------------
     0 | D:1      | nxtlvl the Human Gladiator began the quest for the Orb.
     0 | D:1      | Reached XP level 1. HP: 16/16 MP: 1/1
   142 | D:2      | Reached XP level 2. HP: 5/22 MP: 2/2
   170 | D:3      | Noticed Ijyb
   175 | D:3      | HP: 1/22 [goblin (2)]
   175 | D:3      | Killed from afar by Ijyb

Illustrated notes

Levels and vault maps discovered:
D:1:      elethiomel_arrival_quiet, layout_loops_corners, minmay_split_cup_small
D:2:      minmay_kobold_bridge, layout_rooms,
          shapermc_ecumenical_altar_mp_urbaneastern, minivault_4, minmay_vboxes
D:3:      layout_rooms, uniq_ijyb, uniq_robin

Action                   || total
-------------------------++-------
Melee: Trident           ||    27
  Use: Potion            ||     2
 Stab: Sleeping          ||     1
Armor: Leather armour    ||    10
Dodge: Dodged            ||    35
